 Dungeon Crawl Stone Soup version 0.26-a0-812-g31a745ddcd (webtiles) character file.

Game seed: 14613263142113233092

1660 Apogee the Martial Artist (level 8, -8/68 HPs)
             Began as a Black Draconian Transmuter on Nov 16, 2020.
             Was a Follower of Ashenzari.
             Mangled by an orc knight
             ... wielding a +0 halberd
              (10 damage)
             ... in a bailey.
             The game lasted 00:15:52 (8536 turns).

Apogee the Martial Artist (DrTm)                    Turns: 8536, Time: 00:15:52

Health: -8/68      AC:  2    Str: 13    XL:     8   Next: 68%
Magic:  7/11       EV: 21    Int: 14    God:    Ashenzari [*.....]
Gold:   93         SH:  0    Dex: 18    Spells: 3/11 levels left

rFire    . . .     SeeInvis +     - Unarmed
rCold    . . .     Faith    .   (shield currently unavailable)
rNeg     . . .     Spirit   .   (armour unavailable)
rPois    x         Reflect  .   (helmet currently unavailable)
rElec    .         Harm     .   (cloak currently unavailable)
rCorr    .         Rampage  .   (gloves currently unavailable)
MR       .....                  (boots currently unavailable)
Stlth    ++........             (no amulet)
HPRegen  0.21/turn              z - ring of see invisible
MPRegen  0.12/turn              w - ring of wizardry

@: short of breath, spider-form, flying
A: tiny, (breathe lightning), unfitting armour, AC +6
a: End Transformation, Curse Item, Scrying, Renounce Religion


You were in a bailey.
You worshipped Ashenzari.
Ashenzari was aware of your devotion.
You were a venomous arachnid creature.
You visited 1 branch of the dungeon, and saw 7 of its levels.
You also visited: Ossuary and Bailey.

You collected 255 gold pieces.
You spent 162 gold pieces at shops.

Inventory:

Missiles
 o - 4 javelins (quivered)
 B - a throwing net {!f}
Armour
 g - a +1 pair of gloves (melded)
   (You found it on level 1 of the Dungeon)
 y - a +0 buckler
   (You found it on level 5 of the Dungeon)
 E - a +0 cloak (melded)
   (You found it on level 6 of the Dungeon)
Jewellery
 l - an uncursed ring of ice
   (You found it on level 2 of the Dungeon)
 w - a ring of wizardry (right front leg)
   (You found it on level 4 of the Dungeon)
 z - a ring of see invisible (left front leg)
   (You found it on level 4 of the Dungeon)
 H - an uncursed ring of fire
   (You found it on level 6 of the Dungeon)
Scrolls
 a - 4 scrolls of enchant weapon {unknown}
 b - 8 scrolls of teleportation {@r4}
 c - a scroll of immolation {unknown}
 f - 5 scrolls of magic mapping
 k - 2 scrolls of amnesia
 m - 2 scrolls of enchant armour {unknown}
 p - 3 scrolls of blinking {unknown}
 r - 3 scrolls of random uselessness {unknown}
 u - a scroll of noise {unknown}
 D - 3 scrolls of remove curse {@r2}
 F - a scroll of fog
Potions
 e - 10 potions of degeneration {!q}
 h - a potion of might {unknown}
 i - 3 potions of haste {@q3}
 n - 5 potions of curing {@q1}
 q - 5 potions of ambrosia
 s - a potion of cancellation {unknown}
 v - a potion of mutation {unknown}
 x - 3 potions of lignification {!q}
 A - a potion of attraction {!q}
 C - a potion of berserk rage {unknown}


   Skills:
 - Level 5.0 Fighting
 + Level 3.1 Dodging
 + Level 2.5 Stealth
 - Level 8.0 Unarmed Combat
 - Level 2.0 Spellcasting
 + Level 4.9 Transmutations
 - Level 2.0 Ice Magic
 - Level 2.0 Poison Magic


You had 3 spell levels left.
You knew the following spells:

 Your Spells              Type           Power        Failure   Level
a - Beastly Appendage     Tmut           ###...       4%          1
c - Ice Form              Ice/Tmut       ##......     38%         4
x - Spider Form           Tmut/Pois      ##........   16%         3

Your spell library contained the following spells:

 Spells                   Type           Power        Failure   Level
 Wereblood                Tmut           ###.....     6%          2
 Foxfire                  Conj/Fire      #...         21%         1
 Conjure Flame            Conj/Fire      #.......     43%         3
 Inner Flame              Hex/Fire       #.......     43%         3
 Blade Hands              Tmut           ###.......   50%         5
 Sticky Flame             Conj/Fire      #.......     78%         4
 Fireball                 Conj/Fire      #.........   97%         5


Dungeon Overview and Level Annotations

Branches:
Dungeon (7/15)             Temple (0/1) D:7         Ossuary (visited)
 Bailey (1/1)

Altars:
Ashenzari
Cheibriados
Fedhas
Makhleb
Nemelex Xobeh
Trog
Vehumet
Xom
The Shining One

Shops:
D:4 =   D:6 ?

Annotations:
D:2 exclusion: oklob plant
D:5 exclusion: statue
D:6 2 runed translucent doors, Blackmass's ghost, novice OpTm


Innate Abilities, Weirdness & Mutations

((You can breathe wild blasts of lightning.))
((Your glossy black scales are hard. (AC +6)))
You cannot fit into any form of body armour.
((You are resistant to electric shocks. (rElec)))
((You are cold-blooded and may be slowed by cold attacks.))


Message History

The orc knight hits you with a +0 halberd!
* * * LOW HITPOINT WARNING * * *
Things that are here:
a +0 glaive; a +0 chain mail You bite the orc knight!
The orc knight barely misses you.
You barely miss the orc knight. You barely miss the orc knight.
The orc knight misses you.
You hit the orc knight but do no damage.
The orc knight looks even sicker.
The orc knight hits you with a +0 halberd!
* * * LOW HITPOINT WARNING * * *
The orc knight hits you from afar with a +0 halberd!
* * * LOW HITPOINT WARNING * * *
Your transformation is almost over.
Things that are here:
a +0 trident; a +0 ring mail
Things that are here:
a +0 halberd; a +0 chain mail
Things that are here:
a +0 trident; a +0 ring mail Your transformation has ended.
Your +0 cloak unmelds from your body.
Your +1 pair of gloves unmelds from your body.
Things that are here:
a +0 halberd; a +0 chain mail
Okay, then.
You aren't carrying any items that you can evoke.
You feel much better.
You turn into a venomous arachnid creature.
Your +0 cloak melds into your body.
Your +1 pair of gloves melds into your body.
The orc knight hits you from afar with a +0 halberd!
* * * LOW HITPOINT WARNING * * *
The orc knight completely misses you.
Things that are here:
a +0 trident; a +0 ring mail Unknown command.
You barely miss the orc knight.
The orc knight hits you with a +0 halberd!!
* * * LOW HITPOINT WARNING * * *
The orc knight barely misses you.
Things that are here:
a +0 halberd; a +0 chain mail Unknown command.
Things that are here:
a +0 trident; a +0 chain mail; an orc skeleton You feel very buoyant.
You fly up into the air.
The orc knight hits you from afar with a +0 halberd!
You die...

#.≈..##
≈≈≈≈≈§≈
#.≈≈..##
≈...oo≈
##.≈≈).#
..⌠∩⌠..
#∩.≈≈..#
...⌠...
#.≈≈).##
§....§≈
#.≈..##
≈≈≈≈§§≈
#.≈o##.$$$.#
#.≈)########
#.≈.s#####
#.≈≈≈≈≈≈≈##
#.........#
########.##
####...##
##∩..####
#∩#### ###


You could see an orc knight (poisoned).

Vanquished Creatures
  4 orc warriors (Bailey)
  2 ogres
  A centaur (D:6)
  A big kobold (D:6)
  A bullfrog (D:6)
  A scorpion (D:6)
  A howler monkey (D:6)
  3 wights (D:6)
  A human zombie (Ossuary)
  A quasit (D:6)
  A bullfrog zombie (D:7)
  A centaur zombie (Ossuary)
  A bullfrog skeleton (D:4)
  2 orc wizards (D:4)
  3 worker ants
  A killer bee zombie (D:6)
  4 mummies (Ossuary)
  11 gnolls
  8 adders
  3 white imps
  An ufetubus (D:5)
  An adder skeleton (D:5)
  A worm (D:2)
  A dart slug (D:2)
  6 leopard geckos
  17 orcs
  3 giant cockroaches
  3 gnoll zombies (Ossuary)
  12 goblins
  9 hobgoblins
  3 quokkas (D:3)
  3 bats (D:2)
  8 frilled lizards
  2 hobgoblin zombies (Ossuary)
  A jackal skeleton (D:4)
  7 kobolds
  A kobold zombie (Ossuary)
  A leopard gecko skeleton (D:4)
  8 rats
139 creatures vanquished.

Notes
Turn   | Place    | Note
-------+----------+-------------------------------------------
     0 | D:1      | Apogee the Draconian Transmuter began the quest for the
                  | Orb.
     0 | D:1      | Reached XP level 1. HP: 16/16 MP: 3/3
   263 | D:1      | Reached XP level 2. HP: 23/23 MP: 5/5
  1024 | D:2      | Reached XP level 3. HP: 18/29 MP: 4/6
  1791 | D:2      | Reached XP level 4. HP: 37/37 MP: 7/7
  2126 | D:2      | Found a blossoming altar of Fedhas.
  2154 | D:2      | Noticed an oklob plant
  2677 | D:3      | Found a broken altar of Ashenzari.
  2685 | D:3      | Became a worshipper of Ashenzari the Shackled
  2821 | D:3      | Found a sparkling altar of Nemelex Xobeh.
  2946 | D:2      | Reached skill level 4 in Unarmed Combat
  3148 | D:3      | Reached XP level 5. HP: 28/45 MP: 6/8
  3379 | D:3      | Found a faded altar of an unknown god.
  3987 | D:3      | Found a shimmering altar of Xom.
  4041 | D:4      | Noticed an ogre
  4047 | D:4      | Killed an ogre
  4047 | D:4      | Reached XP level 6. HP: 44/52 MP: 7/9
  4114 | D:4      | Found Lohoaw's Jewellery Shoppe.
  4123 | D:4      | Found a glowing golden altar of the Shining One.
  4124 | D:4      | Found a sand-covered staircase.
  4130 | Ossuary  | Entered an ossuary
  4441 | Ossuary  | Reached skill level 5 in Unarmed Combat
  4793 | D:4      | Found a burning altar of Makhleb.
  5276 | D:5      | Entered Level 5 of the Dungeon
  5316 | D:5      | Reached skill level 5 in Fighting
  5331 | D:5      | Learned a level 3 spell: Spider Form
  5338 | D:5      | Found a bloodstained altar of Trog.
  5437 | D:5      | Noticed an ice beast
  5716 | D:5      | Found a radiant altar of Vehumet.
  5881 | D:5      | Found a snail-covered altar of Cheibriados.
  5881 | D:5      | Reached * piety under Ashenzari
  5894 | D:5      | Found a shimmering altar of Xom.
  5900 | D:5      | Your scales start taking on a glossy black colour.
  5900 | D:5      | Reached XP level 7. HP: 61/61 MP: 8/10
  5900 | D:5      | Gained mutation: You are resistant to electric shocks.
                  | (rElec) [Black Draconian growth]
  6592 | D:6      | Reached skill level 1 in Poison Magic
  6739 | D:6      | Learned a level 4 spell: Ice Form
  6854 | D:6      | Reached skill level 6 in Unarmed Combat
  6854 | D:6      | Reached skill level 1 in Ice Magic
  7400 | D:6      | Found a sparkling altar of Nemelex Xobeh.
  7458 | D:6      | Reached skill level 7 in Unarmed Combat
  7458 | D:6      | Reached XP level 8. HP: 62/68 MP: 9/11
  7488 | D:6      | Found a runed translucent door.
  7489 | D:6      | Noticed Blackmass's ghost (novice OpTm)
  7499 | D:6      | Found Boashob's Magic Scroll Emporium.
  7527 | D:6      | Bought a scroll of remove curse for 36 gold pieces
  7527 | D:6      | Bought a scroll of amnesia for 42 gold pieces
  7527 | D:6      | Bought a scroll of teleportation for 36 gold pieces
  7527 | D:6      | Bought a scroll of identify for 24 gold pieces
  7527 | D:6      | Bought a scroll of fog for 24 gold pieces
  7578 | D:6      | Found a runed translucent door.
  8085 | D:7      | Found a staircase to the Ecumenical Temple.
  8096 | D:7      | Reached skill level 8 in Unarmed Combat
  8138 | D:7      | Found a flagged portal.
  8146 | Bailey   | Entered a bailey
  8202 | Bailey   | Reached skill level 1 in Stealth
  8475 | Bailey   | Noticed an orc knight
  8482 | Bailey   | Noticed an orc knight
  8533 | Bailey   | HP: 2/68 [orc knight/+0 halberd (23)]
  8536 | Bailey   | Mangled by an orc knight

Illustrated notes

Levels and vault maps discovered:
D:1:      lightli_iron_boxes, layout_basic, kennysheep_small_spiral
D:2:      layout_basic, tgw_fedhas
D:3:      layout_basic, lemuel_doored_altar, lemuel_crystal_altar,
          chequers_ecumenical_altar_twisty, tgw_xom
D:4:      layout_cave_pools, grunt_temple_overflow_open, serial_shops,
          shop_fountains, nicolae_ossuary_entry_plus
D:5:      layout_gridville, vehumet_statue, cheibriados_altar_1, basic_altar,
          lemuel_tele_altar
D:6:      layout_loops_ring, basic_altar, serial_shops, nicolae_shop_crystal,
          ebering_ghost_sewer_f
D:7:      lemuel_upstairs_altar, layout_basic, minmay_temple_entry_sparse_star,
          enter_bailey_3, kennysheep_generic_room_8
Bailey:   bailey_polearm_1, bailey

Skill      XL: |  1  2  3  4  5  6  7  8 |
---------------+-------------------------+-----
Fighting       | 2 3 5 |  5.0
Transmutations | 3 4 |  4.9
Unarmed Combat | 4 5 7 8 |  8.0
Poison Magic   | 2 |  2.0
Ice Magic      | 2 |  2.0
Dodging        | 3 |  3.1
Stealth        | 2 |  2.5
Spellcasting   | |  2.0

Action                   |  1- 3 |  4- 6 |  7- 9 || total
-------------------------+-------+-------+-------++-------
Melee: Unarmed           |    96 |   237 |   186 ||   519
       Kick              |    11 |    36 |    38 ||    85
       Tailslap          |     5 |    32 |    22 ||    59
       Headbutt          |    11 |    29 |    18 ||    58
       Punch             |     1 |     8 |     1 ||    10
 Cast: Beastly Appendage |    10 |    27 |    19 ||    56
       Spider Form       |       |       |     6 ||     6
 Abil: Breathe Lightning |       |       |     2 ||     2
Evoke: Wand              |       |       |     7 ||     7
  Use: Scroll            |       |       |     9 ||     9
       Potion            |       |       |     4 ||     4
Armor: Skin              |    24 |    51 |    62 ||   137
Dodge: Dodged            |    48 |    95 |   124 ||   267

Table legend: (Time is in decaauts)
 A = Elapsed time spent in this place.
 B = Non-inter-level travel time spent in this place.
 C = Inter-level travel time spent in this place.
 D = Time resting spent in this place.
 E = Time spent auto-exploring this place.
 F = Levels seen in this place.
 G = Mean time per level.
                   A        B        C        D        E       F      G
               +--------+--------+--------+--------+--------+-----+--------+
         Total |   8504 |   8110 |    394 |   1857 |   4644 |   9 |  944.9 |
       Dungeon |   7524 |   7130 |    394 |   1520 |   4314 |   7 | 1074.9 |
       Ossuary |    595 |    595 |      0 |    265 |    191 |   1 |  595.0 |
        Bailey |    384 |    384 |      0 |     72 |    139 |   1 |  384.0 |
               +--------+--------+--------+--------+--------+-----+--------+

Top non-repeatable levels by time:
     D:2: 1758 daAuts
     D:6: 1479 daAuts
     D:3: 1382 daAuts
     D:5: 1018 daAuts
     D:4: 923 daAuts
     D:1: 893 daAuts
 Ossuary: 595 daAuts
  Bailey: 384 daAuts
     D:7: 68 daAuts
